 Dungeon Crawl Stone Soup version 0.20-a0-787-g4ba4951 (webtiles) character file.

2647 tbh1313 the Swashbuckler (level 9, -1/56 HPs)
             Began as a Kobold Berserker on Feb 27, 2017.
             Was a Priest of Trog.
             Slain by Prince Ribbit (14 damage)
             ... on level 7 of the Dungeon.
             The game lasted 00:22:52 (8353 turns).

tbh1313 the Swashbuckler (Kobold Berserker)         Turns: 8353, Time: 00:22:53

Health: -1/56      AC: 10    Str: 13    XL:     9   Next: 93%
Magic:  9/9        EV: 13    Int:  9    God:    Trog [***...]
Gold:   86         SH:  0    Dex: 14    Spells: 8/8 levels left

rFire    . . .     SeeInvis .   p - -1 short sword (curse)
rCold    . . .     Gourm    .   A - +0 ring mail (curse)
rNeg     + . .     Faith    .   (shield restricted)
rPois    +         Spirit   .   E - +0 helmet
rElec    .         Reflect  .   m - +0 cloak
rCorr    .         Harm     .   f - +1 pair of gloves
MR       .....                  D - +0 pair of boots
Stlth    +.........             (no amulet)
Regen    0.2/turn               J - ring of poison resistance
MPRegen  0.2/turn               w - ring of positive energy

@: exhausted, slowed, very slow
A: carnivore 3, robust 1, weak 2
a: Berserk, Trog's Hand, Burn Spellbooks, Renounce Religion


You were on level 7 of the Dungeon.
You worshipped Trog.
Trog was most pleased with you.
You were completely stuffed.

You visited 1 branch of the dungeon, and saw 7 of its levels.

You collected 464 gold pieces.
You spent 378 gold pieces at shops.


Innate Abilities, Weirdness & Mutations

You are small and have problems with some larger weapons.
You are carnivorous and can eat meat at any time.
You are robust. (+10% HP)
You are very weak. (Str -4)


   Skills:
 - Level 3.2 Fighting
 + Level 15.9 Short Blades
 - Level 1.5 Armour
 - Level 2.4 Dodging


You had 8 spell levels left.
You didn't know any spells.

Dungeon Overview and Level Annotations

Branches:
Dungeon (7/15)             Temple (0/1) D:5

Altars:
Cheibriados
Dithmenos
Elyvilon
Fedhas
Makhleb
Nemelex Xobeh
Okawaru
Qazlal
Yredelemnul

Shops:
D:6 [[:!

Annotations:
D:7 Prince Ribbit

Inventory:

Hand Weapons
 a - a +0 dagger
 k - a +1 short sword
 o - a -1 dagger
 p - a cursed -1 short sword (weapon)
 y - a +0 rapier
Missiles
 e - 76 bolts
 h - 7 tomahawks (quivered)
Armour
 f - a +1 pair of gloves (worn)
 g - a +0 ring mail
 m - a +0 cloak (worn)
 v - a +1 robe of fire resistance
   (You took it off Pikel on level 4 of the Dungeon)
 A - a cursed +0 ring mail (worn)
 C - a +0 leather armour of magic resistance
   (You took it off Edmund on level 6 of the Dungeon)
 D - a +0 pair of boots (worn)
 E - a +0 helmet (worn)
Jewellery
 w - a ring of positive energy (left hand)
 J - a ring of poison resistance (right hand)
 L - an uncursed ring of see invisible
Wands
 b - a wand of disintegration (22/24)
 r - a wand of clouds (6/9)
 u - a wand of iceblast (4/15)
 G - a wand of lightning (11/15)
 I - a wand of enslavement (14/24)
Scrolls
 q - a scroll of enchant weapon
 K - a scroll of teleportation
Potions
 d - 2 potions of brilliance
 i - a potion of berserk rage
 j - 2 potions of lignification
 l - 4 potions of curing
 n - a potion of cancellation
 s - a potion of might
 t - a potion of flight {unknown}
 x - a potion of invisibility {unknown}
 F - 2 potions of heal wounds
 H - 2 potions of ambrosia
 M - a potion of magic {unknown}
Comestibles
 c - 6 meat rations
 z - a royal jelly
 B - 9 chunks of flesh

.......#.#####
##.#####.# #.# #.#
##.#####.# .........#
##.####.## #.# ##.#
#.# #.#
##.####.#####.#####.#
##..............@..<#
....###.####..#F###.#
#...# #.# #..#.#
........# ##..#.###.#
#...##### #.........#
##.## #.........# #.#
#.######### #.# #.#
##+## #.#


You could see Prince Ribbit.


Message History

You puncture the adder!
You kill the adder!
Trog accepts your kill.
No target in view!
No target in view!
No target in view!
No target in view!
No target in view!
No target in view!
No target in view!
No target in view!
You see here an adder corpse.
You butcher the adder corpse.
B - 16 chunks of flesh (gained 2)
You see here an adder skeleton.
You see here an adder skeleton.
Some of the chunks of flesh in your inventory have rotted away.
Some of the chunks of flesh in your inventory have rotted away.
There is an open door here.
Prince Ribbit comes into view.
Found a stone staircase leading up.
You hit Prince Ribbit.
Prince Ribbit is lightly wounded.
Prince Ribbit hits you but does no damage.
You miss Prince Ribbit.
Prince Ribbit is lightly wounded.
You barely miss Prince Ribbit.
Prince Ribbit is lightly wounded.
Prince Ribbit hits you!
You barely miss Prince Ribbit.
Prince Ribbit is lightly wounded.
Prince Ribbit barely misses you.
You closely miss Prince Ribbit.
Prince Ribbit is lightly wounded.
You hit Prince Ribbit.
Prince Ribbit is lightly wounded.
Prince Ribbit closely misses you.
You barely miss Prince Ribbit.
Prince Ribbit is lightly wounded.
Prince Ribbit hits you but does no damage.
Your ring mail prevents you from hitting Prince Ribbit.
Prince Ribbit is lightly wounded.
You hit Prince Ribbit.
Prince Ribbit is moderately wounded.
Prince Ribbit barely misses you.
You miss Prince Ribbit.
Prince Ribbit is moderately wounded.
Prince Ribbit hits you!
You barely miss Prince Ribbit.
Prince Ribbit is moderately wounded.
Prince Ribbit barely misses you.
A red film seems to cover your vision as you go berserk!
You feel yourself moving faster!
You feel mighty!
Prince Ribbit blinks!
You feel a strong urge to attack something.
Prince Ribbit blinks!
You feel your anger subside.
You are no longer berserk.
You are exhausted.
You feel yourself slow down.
You start resting.
Eating one of 10 chunks of flesh.
You eat one of the 10 chunks of flesh.
This raw flesh tastes great.
Prince Ribbit catches a mosquito with his tongue.
Prince Ribbit is nearby!
You hit Prince Ribbit.
Prince Ribbit is moderately wounded.
Prince Ribbit hits you!
* * * LOW HITPOINT WARNING * * *
Prince Ribbit hits you.
* * * LOW HITPOINT WARNING * * *
Prince Ribbit hits you!
You die...

Vault maps used:
D:1:      eino_arrival_druids_welcome, minmay_misc_feat_tiny,
          minmay_misc_feat_alley, fountainhead, minmay_tetromino_t4
D:2:      overflow_temple_1_default, lemuel_round_altar,
          fedhas_altar_fruit_tree, chequers_ecumenical_altar_simple_redux,
          guppyfry_early_orc_mine
D:3:      okawaru_gym_becter, uniq_terence, uniq_jessica
D:4:      old_standard_altar, first_bread, uniq_pikel, uniq_grinder
D:5:      nemelex_altar_shiori, minmay_temple_entry_statues
D:6:      kennysheep_ying_yang, serial_shops, nicolae_shop_waterfront, shop,
          shop_fountains, kennysheep_little_box, uniq_edmund
D:7:      old_forge, slow_altar_1, uniq_prince_ribbit1

Notes
Turn   | Place    | Note
-------+----------+-------------------------------------------
     0 | D:1      | tbh1313 the Kobold Berserker began the quest for the Orb.
     0 | D:1      | Reached XP level 1. HP: 14/14 MP: 1/1
   305 | D:1      | Reached XP level 2. HP: 16/19 MP: 2/2
   324 | D:1      | Reached skill level 5 in Short Blades
   327 | D:1      | Reached XP level 3. HP: 18/23 MP: 3/3
   904 | D:2      | Reached skill level 6 in Short Blades
   914 | D:2      | Reached ** piety under Trog
  1081 | D:2      | Reached XP level 4. HP: 28/28 MP: 4/4
  1186 | D:2      | Found a faded altar of an unknown god.
  1654 | D:2      | Found a shadowy altar of Dithmenos.
  1753 | D:2      | Found a blossoming altar of Fedhas.
  1830 | D:2      | Found a stormy altar of Qazlal.
  1907 | D:2      | Reached skill level 7 in Short Blades
  1907 | D:2      | Reached XP level 5. HP: 32/32 MP: 5/5
  2144 | D:3      | Noticed Terence
  2154 | D:3      | Killed Terence
  2371 | D:3      | Noticed Jessica
  2390 | D:3      | Killed Jessica
  2645 | D:3      | Found an iron altar of Okawaru.
  2717 | D:3      | HP: 7/32 [worm (8)]
  3078 | D:4      | Reached skill level 8 in Short Blades
  3081 | D:4      | Found a burning altar of Makhleb.
  3110 | D:4      | Reached XP level 6. HP: 34/37 MP: 6/6
  3244 | D:4      | Noticed a slave
  3250 | D:4      | Noticed a slave
  3256 | D:4      | Noticed a slave
  3258 | D:4      | Noticed a slave
  3273 | D:4      | Killed a slave
  3278 | D:4      | Noticed Pikel
  3278 | D:4      | Killed a slave
  3563 | D:4      | Noticed Grinder
  3563 | D:4      | Paralysed by Grinder for 2 turns
  3581 | D:4      | Paralysed by Grinder for 6 turns
  3624 | D:4      | HP: 9/55 [Grinder (6)]
  3626 | D:4      | Killed Grinder
  3626 | D:4      | Reached skill level 9 in Short Blades
  3626 | D:4      | Reached XP level 7. HP: 10/41 MP: 7/7
  3948 | D:4      | HP: 6/61 [Pikel/whip of electrocution (19)]
  3950 | D:4      | Killed Pikel
  3950 | D:4      | Reached skill level 11 in Short Blades
  3950 | D:4      | Reached XP level 8. HP: 7/46 MP: 8/8
  4877 | D:4      | Reached skill level 12 in Short Blades
  4888 | D:4      | HP: 10/46 [poisoned by a worker ant]
  4893 | D:4      | HP: 7/46 [poisoned by a worker ant]
  4898 | D:4      | HP: 5/46 [poisoned by a worker ant]
  4904 | D:4      | HP: 4/46 [poisoned by a worker ant]
  5353 | D:5      | Entered Level 5 of the Dungeon
  5749 | D:5      | Found a staircase to the Ecumenical Temple.
  6003 | D:5      | Found a sparkling altar of Nemelex Xobeh.
  6047 | D:5      | Reached skill level 13 in Short Blades
  6323 | D:6      | Noticed Edmund
  6345 | D:6      | Killed Edmund
  6345 | D:6      | Reached XP level 9. HP: 51/51 MP: 9/9
  6362 | D:6      | Found Jiecs's Book Boutique.
  6425 | D:6      | Reached *** piety under Trog
  6632 | D:6      | Found Peih's Armour Shoppe.
  6658 | D:6      | Bought a +0 pair of boots for 63 gold pieces
  6663 | D:6      | Bought a +0 helmet for 63 gold pieces
  6689 | D:6      | Found Reonuid's Distillery.
  6695 | D:6      | Bought a potion of heal wounds for 60 gold pieces
  6695 | D:6      | Bought a potion of mutation for 96 gold pieces
  6695 | D:6      | Bought a potion of ambrosia for 96 gold pieces
  6695 | D:6      | Gained mutation: You are weak. (Str -2) [potion of mutation]
  6695 | D:6      | Gained mutation: You are very weak. (Str -4) [potion of mutation]
  6695 | D:6      | Gained mutation: You are robust. (+10% HP) [potion of mutation]
  6727 | D:6      | Reached skill level 14 in Short Blades
  7229 | D:6      | Found a white marble altar of Elyvilon.
  7312 | D:6      | Found a basalt altar of Yredelemnul.
  7473 | D:6      | Found Uzeiler's Antique Armour Boutique.
  7648 | D:7      | Reached skill level 15 in Short Blades
  8022 | D:7      | Found a snail-covered altar of Cheibriados.
  8165 | D:7      | Identified a scroll of acquirement
  8334 | D:7      | Noticed Prince Ribbit
  8352 | D:7      | HP: 12/56 [Prince Ribbit (4)]
  8353 | D:7      | Slain by Prince Ribbit

Vanquished Creatures
  Pikel (D:4)
  Grinder (D:4)
  Edmund (D:6)
  A black bear (D:6)
  2 slaves (D:4)
  An ice beast (D:5)
  A sky beast (D:7)
  4 ogres
  A phantom (D:7)
  3 scorpions (D:7)
  6 killer bees (D:7)
  5 orc priests
  2 bullfrog skeletons (D:4)
  2 hounds (D:6)
  3 orc wizards (D:6)
  Jessica (D:3)
  A centaur skeleton (D:6)
  2 iguanas
  Terence (D:3)
  5 worker ants
  A hound skeleton (D:4)
  A mummy (D:7)
  A gnoll (D:1)
  9 adders
  3 shadow imps
  An ooze (D:6)
  2 adder skeletons
  2 worms
  2 dart slugs (D:1)
  5 leopard geckos
  14 orcs
  13 bats
  4 giant cockroaches
  11 goblins
  10 hobgoblins
  6 jackals
  3 kobolds
  2 quokkas
  2 ball pythons
  5 frilled lizards
  A leopard gecko skeleton (D:6)
  8 rats
  A fungus (D:7)
151 creatures vanquished.

Vanquished Creatures (others)
  A slave (D:7)
  A worker ant (D:4)
  3 gnolls (D:5)
  A worm (D:4)
  A ball python (D:4)
7 creatures vanquished.

Grand Total: 158 creatures vanquished

Action                   |  1- 3 |  4- 6 |  7- 9 || total
-------------------------+-------+-------+-------++-------
Melee: Short sword       |    38 |       |   518 ||   556
       Dagger            |    72 |   397 |   152 ||   621
Throw: Tomahawk          |     2 |       |     2 ||     4
Invok: Berserk           |     1 |     9 |    14 ||    24
       Trog's Hand       |       |     2 |     3 ||     5
  Use: Scroll            |       |     9 |     6 ||    15
       Potion            |       |       |     2 ||     2
  Eat: Chunk             |    10 |    12 |    26 ||    48
       Meat ration       |       |       |     1 ||     1
Armor: Animal skin       |     2 |       |       ||     2
       Ring mail         |    18 |    91 |    99 ||   208
       Robe              |       |       |    16 ||    16
Dodge: Dodged            |    68 |   254 |   251 ||   573
